Map: Acid Plant LE

Players

TheBandit

  • Race: Zerg Zerg
  • League: Gold
  • Spawn Location: 5:00

MastaKilla - Winner!

  • Race: Protoss Protoss
  • League: Gold
  • Spawn Location: 11:00

VOD

Have the link to the VOD?

Description

extremely risky strat where you delay their economy, turtle up the first base, and ninja expand to spots they would likely not scout - straight to mass void upgraded using recalls for probing ninja expands mostly, shield batteries are very important in this build but as you can see I'm not the best toss in the world and dont really have a set plan most of the time besides this general outline

TLDR: this build relies on opponent being either too afraid to attack or bad at scouting

Time

  • Played on: Nov. 17, 2018, 4:22 p.m.
  • Length: 9:31
Show
View Real Time Build Order
Export as new Build Order

TheBandit Zerg 

Build Orders: Pool First 

Get SALT Encoding   

  12  0:02  Drone  
  13  0:09  Drone  
  14  0:17  Overlord  
  14  0:36  Spawning Pool  
  14  0:37  Drone  
  14  0:44  Drone, Extractor  
  14  0:47  Drone  
  15  1:15  Hatchery  
  15  1:16  Drone  
  15  1:27  Queen  
  15  1:31  Drone  
  18  1:40  Overlord  
  18  1:51  Drone x2  
  20  2:01  Drone  
  21  2:23  Zergling x4  
  22  2:30  Queen  
  22  2:43  Zergling x4  
  23  2:47  Metabolic Boost  
  23  3:11  Drone x3  
  26  3:22  Lair  
  26  3:24  Drone  
  27  3:27  Extractor  
  26  3:47  Drone x4  
  30  4:26  Overlord x2  
  29  5:01  Drone x2, Nydus Network  
  30  5:11  Zergling x2  
  30  5:12  Zergling x6  
  34  5:27  Baneling Nest  
  33  5:37  Hatchery  
  26  6:02  Zergling x12  
  26  6:03  Zergling x2  
  33  6:05  Overseer  
  33  6:16  Nydus Canal  
  28  6:40  Zergling x2  
  28  6:42  Zergling x8  
  28  6:43  Hatchery  
  32  7:05  Pneumatized Carapace  
  32  7:33  Drone  
  32  7:34  Drone x5  
  38  7:43  Centrifical Hooks  
  38  7:48  Infestation Pit  
  37  7:54  Spire  
  36  7:59  Queen  
  36  8:01  Drone  
  36  8:02  Drone x2  
  36  8:03  Drone x4  
  36  8:05  Drone x2  
  47  8:08  Drone x3  
  50  8:14  Overseer  
  50  8:17  Overlord x2  
  50  8:21  Zergling x2  
  50  8:22  Zergling x4  
  53  8:39  Spire  
Show
View Real Time Build Order
Export as new Build Order

MastaKilla Protoss - Winner!

Build Orders: Cannon Rush 

Get SALT Encoding   

  12  0:09  Pylon  
  12  0:14  Probe (Chrono Boost)  
  13  0:24  Probe (Chrono Boost)  
  14  0:34  Forge  
  14  0:57  Pylon  
  14  1:16  Photon Cannon  
  14  1:17  Photon Cannon  
  14  1:28  Pylon  
  14  1:33  Pylon  
  14  1:41  Gateway  
  14  1:57  Photon Cannon  
  14  2:16  Photon Cannon  
  14  2:24  Pylon  
  14  2:40  Probe  
  14  2:43  Photon Cannon  
  15  2:47  Assimilator  
  15  2:52  Probe  
  16  3:03  Cybernetics Core  
  16  3:11  Probe (Chrono Boost)  
  17  3:16  Assimilator  
  18  3:20  Probe (Chrono Boost)  
  18  3:25  Probe (Chrono Boost)  
  19  3:39  Probe  
  20  3:51  Probe  
  21  4:02  Stalker  
  23  4:03  Probe  
  23  4:08  Pylon  
  24  4:28  Nexus  
  24  4:32  Probe  
  25  4:46  Stargate  
  25  4:51  Protoss Air Weapons Level 1 (Chrono Boost)  
  25  4:57  Probe (Chrono Boost)  
  27  5:09  Probe (Chrono Boost)  
  27  5:13  Probe (Chrono Boost)  
  28  5:32  Photon Cannon  
  28  5:35  Pylon  
  28  5:36  Shield Battery  
  28  5:41  Void Ray  
  32  5:57  Assimilator  
  32  6:00  Probe (Chrono Boost)  
  33  6:10  Probe (Chrono Boost)  
  33  6:15  Probe (Chrono Boost)  
  34  6:20  Photon Cannon  
  34  6:22  Photon Cannon  
  34  6:26  Pylon  
  34  6:45  Void Ray  
  38  6:49  Shield Battery  
  38  6:51  Shield Battery  
  38  7:05  Stargate  
  38  7:07  Probe  
  38  7:08  Stargate  
  39  7:19  Probe x2  
  41  7:31  Probe x2  
  41  7:33  Void Ray (Chrono Boost)  
  47  7:44  Photon Cannon  
  47  7:46  Photon Cannon  
  47  7:48  Void Ray (Chrono Boost)  
  47  7:49  Void Ray (Chrono Boost)  
  55  8:00  Pylon  
  55  8:06  Void Ray (Chrono Boost), Pylon  
  59  8:26  Void Ray  
  63  8:30  Void Ray  
Tags
 
Add a new tag
Caveats
  • Supply blocks, unpowered buildings, or Contaminate may cause inaccurate times.
  • Supply counts are checked every 10 seconds.